 Dungeon Crawl Stone Soup version 0.19.1 (webtiles) character file.

102 Lilleppy the Skirmisher (level 4, -4/36 HPs)
             Began as a Demonspawn Abyssal Knight on Dec 6, 2016.
             Was a Follower of Lugonu.
             Slain by a gnoll
             ... wielding a +0 flail of protection
              (6 damage)
             ... on level 3 of the Dungeon on Dec 7, 2016.
             The game lasted 00:07:58 (1609 turns).

Lilleppy the Skirmisher (Demonspawn Abyssal Knight) Turns: 1609, Time: 00:07:58

Health: -4/36      AC: 11    Str: 14    XL:     4   Next: 50%
Magic:  5/5        EV:  6    Int: 13    God:    Lugonu [*.....]
Gold:   69         SH:  0    Dex: 12    Spells: 0 memorised, 3 levels left

rFire  . . .     SeeInvis .     p - +0 war axe (curse)
rCold  . . .     Gourm    .     q - +0 chain mail
rNeg   . . .     Faith    .     (no shield)
rPois  .         Spirit   .     (no helmet)
rElec  .         Reflect  .     (no cloak)
rCorr  .         Harm     .     (no gloves)
MR     .....     Rnd*Tele +     (no boots)
Stlth  +.........               (no amulet)
                                j - ring of teleportation (curse)
                                d - +3 ring of protection

@: fainting
A: demonic guardian 1, nightstalker 2
a: Depart the Abyss, Renounce Religion


You were on level 3 of the Dungeon.
You worshipped Lugonu.
Lugonu was aware of your devotion.
You were fainting.

You visited 1 branch of the dungeon, and saw 3 of its levels.
You visited the Abyss 1 time.

You collected 69 gold pieces.

Inventory:

Hand Weapons
 a - a +1 mace
 p - a cursed +0 war axe (weapon)
Armour
 b - a +0 leather armour
 q - a +0 chain mail (worn)
Jewellery
 d - a +3 ring of protection (left hand)
 j - a cursed ring of teleportation (right hand)
Scrolls
 h - a scroll of teleportation {unknown}
 i - a scroll of remove curse {unknown}
 k - a scroll of identify {unknown}
 l - a scroll of enchant armour {unknown}
 t - a scroll of immolation {unknown}
Potions
 e - a potion of lignification {unknown}
 f - a potion of brilliance {unknown}
 g - a potion of cure mutation {unknown}
 m - a potion of berserk rage {unknown}
 n - a potion of might {unknown}
Comestibles
 c - 3 bread rations
 o - a slice of pizza
 r - a royal jelly
 s - a meat ration


   Skills:
 + Level 3.6 Fighting
 + Level 0.1(1.5) Axes
 + Level 2.6 Maces & Flails
 + Level 2.2 Armour
 + Level 1.7 Dodging
 + Level 1.4 Stealth
 + Level 2.6 Invocations


You had 3 spell levels left.
You didn't know any spells.

Dungeon Overview and Level Annotations

Branches:
Dungeon (3/15)

Altars:
Dithmenos


Innate Abilities, Weirdness & Mutations

A weak demonic guardian rushes to your aid.
You are significantly more attuned to the shadows.


Message History

Your iron imp dies!
The gnoll hits you with a flail of protection!
You closely miss the gnoll.
The gnoll is moderately wounded.
The gnoll hits you with a flail of protection.
* * * LOW HITPOINT WARNING * * *
You barely miss the gnoll.
The gnoll is moderately wounded.
The gnoll hits you with a flail of protection.
* * * LOW HITPOINT WARNING * * *
You are fainting from starvation!
You hit the gnoll but do no damage.
The gnoll is moderately wounded.
The gnoll hits you with a flail of protection.
* * * LOW HITPOINT WARNING * * *
You hit the gnoll but do no damage.
The gnoll is moderately wounded.
The gnoll hits you but does no damage.
The gnoll hits you with a flail of protection.
You die...

## ...
####g...
#gg.g...
#g##g...
#@# ...
#5# .. #.#
#
########.#
#........#
#######
#.########
#.....#
#.#
#.#####
#.# #.#
#.# #.#


You could see 3 gnolls and a friendly quasit.

Vanquished Creatures
  5 adders
  2 worms (D:3)
  A dart slug (D:1)
  3 leopard geckos (D:1)
  An orc (D:3)
  5 bats
  2 giant cockroaches
  8 goblins
  4 kobolds
  A quokka (D:3)
  3 frilled lizards
  7 rats
42 creatures vanquished.

Vanquished Creatures (collateral kills)
  A gnoll (D:3)
1 creature vanquished.

Grand Total: 43 creatures vanquished

Notes
Turn   | Place    | Note
-------+----------+-------------------------------------------
     0 | Abyss:1  | Lilleppy the Demonspawn Abyssal Knight began the quest for the Orb.
     0 | Abyss:1  | Reached XP level 1. HP: 18/18 MP: 2/2
    71 | Abyss:1  | Noticed a large abomination
    73 | D:1      | Escaped the Abyss
   187 | D:1      | Reached skill level 1 in Dodging
   187 | D:1      | Gained mutation: You are slightly more attuned to the shadows. [demonic ancestry]
   187 | D:1      | Reached XP level 2. HP: 18/24 MP: 3/3
   224 | D:1      | Reached * piety under Lugonu
   551 | D:2      | Gained mutation: You are significantly more attuned to the shadows. [demonic ancestry]
   551 | D:2      | Reached XP level 3. HP: 23/29 MP: 4/4
   799 | D:2      | Found a faded altar of an unknown god.
   802 | D:2      | Found a faded altar of an unknown god.
   805 | D:2      | Found a faded altar of an unknown god.
   807 | D:2      | Found a shadowy altar of Dithmenos.
   815 | D:2      | Found a faded altar of an unknown god.
  1018 | D:2      | Reached skill level 1 in Stealth
  1018 | D:2      | Gained mutation: A weak demonic guardian rushes to your aid. [demonic ancestry]
  1018 | D:2      | Reached XP level 4. HP: 24/36 MP: 5/5
  1609 | D:3      | Slain by a gnoll

Skill      XL: |  1  2  3 |
---------------+----------+-----
Maces & Flails | 2 |  2.6
Dodging        | 1 |  1.7
Armour         | 2 |  2.2
Stealth        | 1 |  1.4
Fighting       | |  3.6
Axes           | |  0.1
Invocations    | |  2.6

Action                   |  1- 3 |  4- 6 || total
-------------------------+-------+-------++-------
Melee: Mace              |    91 |    15 ||   106
       War axe           |       |    62 ||    62
Invok: Depart the Abyss  |     1 |       ||     1
 Stab: Sleeping          |     6 |     2 ||     8
Armor: Leather armour    |    57 |     6 ||    63
       Chain mail        |       |    39 ||    39
Dodge: Dodged            |    83 |    35 ||   118
